AoeStats
← SUGNUHC

Enclosed

506136176Analyzed
1v1 RM · 19d ago on Sep 12, 2026· 52m 12s· 2 players
Game mode
Random Map
Map size
Tiny (2 player)
Population
200
Speed
Normal
Resources
Standard
Victory
Conquest
Starting age
Dark Age
Ending age
Imperial Age
RankedLock teamsTeams togetherTeam positionsShared explorationLock speedFull tech treeHidden civsTurbo modeCheats
Victory
Defeat
🇺🇸 Byzantines · United States
640
+16
🇹🇷 Bohemians · Türkiye
636
-30
SUGNUHC
6:15 Loom
11:39 Feudal Age
13:19 Double-Bit Axe
13:17 Horse Collar
14:33 Town Watch
16:32 Wheelbarrow
21:24 Castle Age
22:25 Bow Saw
22:17 Heavy Plow
22:34 Husbandry
23:46 Pikeman
26:44 Squires
30:32 Padded Archer Armor
30:23 Fletching
31:16 Squires
31:57 Town Patrol
32:14 Hand Cart
37:11 Imperial Age
35:28 Bodkin Arrow
35:38 Scale Mail Armor
39:04 Two-Man Saw
39:09 Chemistry
38:29 Ballistics
38:00 Elite Hussite Wagon
39:33 Halberdier
41:05 Siege Engineers
MyEloSoLo
2:37 Loom
10:12 Feudal Age
11:32 Horse Collar
15:32 Wheelbarrow
14:50 Double-Bit Axe
18:28 Castle Age
18:35 Stone Mining
19:41 Wheelbarrow
20:35 Bow Saw
20:28 Heavy Plow
20:22 Gold Mining
22:58 Stone Shaft Mining
23:09 Fervor
25:08 Hand Cart
27:50 Gold Shaft Mining
28:13 Squires
28:20 Padded Archer Armor
28:32 Forging
28:13 Fletching
31:46 Thumb Ring
34:43 Imperial Age
32:03 Treadmill Crane
33:00 Squires
33:14 Husbandry
33:22 Scale Barding Armor
33:53 Iron Casting
33:21 Scale Mail Armor
35:50 Conscription
37:57 Logistica
38:08 Chain Mail Armor
38:17 Chain Barding Armor
38:15 Chain Mail Armor
37:37 Light Cavalry
37:40 Cavalier
37:57 Pikeman
38:08 Elite Cataphract
39:41 Ballistics
40:10 Plate Barding Armor
39:19 Heavy Cavalry Archer
40:28 Leather Archer Armor
40:45 Plate Mail Armor
41:21 Chemistry
40:36 Hussar
42:14 Paladin
42:21 Onager
44:34 Bodkin Arrow
45:10 Ring Archer Armor
44:35 Arrowslits
44:57 Greek Fire
49:43 Elite Skirmisher
51:06 Bracer
51:35 Halberdier
Connection lost

Rejoining the realm…

Still unreachable

The connection could not be restored.

Session expired

The server has moved on; the page needs a fresh start.